Map: Zarośnięta placówka

Players

Esharell

  • Race: Zerg Zerg
  • League: Platinum
  • Spawn Location: 7:00

Legol

  • Race: Protoss Protoss
  • League: Platinum
  • Spawn Location: 9:00

Will

  • Race: Terran Terran
  • League: Diamond
  • Spawn Location: 1:00

Kraki

  • Race: Zerg Zerg
  • League: Diamond
  • Spawn Location: 3:00

VOD

Have the link to the VOD?

Description

Time

  • Played on: Jan. 9, 2020, 4 p.m.
  • Length: 15:53
Show
View Real Time Build Order
Export as new Build Order

Esharell Zerg 

Build Orders: Pool First, Muta Ling Bane 

Get SALT Encoding   

  12  0:01  Drone  
  13  0:13  Overlord  
  13  0:19  Drone  
  14  0:32  Drone x2  
  16  0:37  Drone  
  17  0:51  Spawning Pool  
  17  0:53  Drone  
  17  1:06  Extractor  
  17  1:07  Drone  
  17  1:24  Drone x2, Hatchery  
  18  1:30  Drone  
  19  1:40  Overlord  
  19  1:42  Queen  
  21  1:51  Zergling x2  
  22  2:02  Drone  
  23  2:17  Drone  
  23  2:20  Metabolic Boost  
  24  2:24  Queen  
  26  2:31  Drone  
  27  2:41  Drone x2, Spine Crawler  
  27  2:42  Queen  
  29  2:46  Drone  
  30  2:55  Zergling x6  
  33  3:06  Drone x2  
  35  3:14  Overlord x2  
  35  3:36  Queen  
  35  3:37  Hatchery  
  36  3:49  Baneling Nest  
  36  3:50  Drone x3  
  36  3:51  Drone x3  
  41  4:23  Overlord x2  
  41  4:26  Drone x2  
  41  4:27  Drone x8  
  51  4:45  Drone x4  
  55  4:48  Drone x3  
  55  4:50  Drone, Extractor  
  55  4:52  Extractor  
  57  4:53  Baneling x4  
  57  4:54  Zergling x2  
  58  5:01  Drone  
  58  5:02  Drone x2, Extractor  
  58  5:05  Drone x2  
  62  5:10  Drone x2  
  64  5:18  Zergling x2  
  65  5:21  Zergling x2  
  65  5:22  Zergling x4  
  68  5:34  Drone x3  
  68  5:35  Drone x2  
  73  5:36  Extractor  
  73  5:37  Extractor  
  73  5:39  Drone x2  
  72  6:00  Zergling x2  
  72  6:01  Zergling x8  
  74  6:12  Spine Crawler  
  74  6:14  Zergling x2  
  74  6:16  Spine Crawler, Overlord x3  
  74  6:17  Spine Crawler  
  72  6:24  Lair  
  72  6:26  Zergling x2  
  72  6:27  Zergling x2  
  74  6:38  Zergling x2  
  74  6:39  Zergling x18  
  85  6:47  Zergling x8  
  88  6:54  Overlord x3  
  88  6:56  Drone x2  
  88  6:59  Drone  
  92  7:01  Drone  
  92  7:06  Drone  
  93  7:23  Zergling x2  
  93  7:24  Zergling x12  
  93  7:25  Baneling x4  
  93  7:26  Baneling x7  
  93  7:27  Baneling x4  
  100  7:40  Spire  
  100  7:42  Drone x3  
  102  7:48  Overlord x3  
  102  8:09  Overseer  
  102  8:25  Drone x3  
  105  8:45  Centrifical Hooks  
  105  8:51  Hatchery  
  105  8:52  Overlord x2  
  104  8:58  Zergling x20  
  104  8:59  Zergling x10  
  119  9:09  Mutalisk  
  118  9:10  Mutalisk x4  
  128  9:17  Mutalisk  
  130  9:35  Mutalisk  
  130  9:36  Mutalisk x4  
  140  10:00  Mutalisk x11  
  162  10:14  Baneling  
  162  10:15  Baneling x25  
  162  10:16  Baneling x12  
  162  10:17  Zergling x12  
  167  10:28  Zergling x6  
  166  10:31  Overlord x4  
  168  10:45  Spine Crawler x2  
  168  10:46  Drone, Spine Crawler  
  168  10:47  Drone x2  
  168  10:51  Spine Crawler  
  168  10:56  Zergling x12  
  173  11:01  Queen  
  175  11:07  Evolution Chamber  
  175  11:10  Evolution Chamber  
  173  11:15  Zergling x2  
  173  11:16  Zergling x18  
  183  11:25  Hydralisk Den  
  182  11:28  Infestation Pit  
  182  11:30  Baneling x8  
  182  11:31  Baneling x28  
  182  11:32  Zergling x2  
  182  11:33  Zergling x16  
  182  11:38  Mutalisk x2  
  194  11:47  Drone x3  
  175  12:23  Zergling x24  
  175  12:24  Zergling x4  
  113  12:44  Zergling x10  
  98  12:54  Zergling x6  
  85  13:00  Overlord x4  
  85  13:02  Overseer x4  
  85  13:09  Mutalisk x4  
  93  13:18  Corruptor x4  
  101  13:23  Hive  
  101  13:37  Zergling x20  
  93  13:41  Mutalisk  
  93  13:42  Mutalisk x6  
  85  13:48  Mutalisk  
  85  13:49  Mutalisk  
  85  13:54  Mutalisk x2  
  81  14:03  Mutalisk  
  79  14:11  Mutalisk x3  
  84  14:18  Zergling x2  
  66  14:34  Zergling x10  
  50  14:49  Corruptor  
  50  14:50  Corruptor x3  
  44  15:33  Hatchery  
Show
View Real Time Build Order
Export as new Build Order

Legol Protoss 

Build Orders:  

Get SALT Encoding   

  12  0:01  Probe  
  13  0:13  Probe  
  14  0:22  Pylon  
  14  0:29  Probe  
  15  0:41  Probe (Chrono Boost)  
  15  0:42  Gateway  
  16  0:51  Assimilator  
  16  0:52  Probe (Chrono Boost)  
  17  0:57  Probe (Chrono Boost)  
  18  1:07  Probe  
  19  1:19  Probe  
  20  1:33  Cybernetics Core  
  20  1:34  Pylon  
  20  1:49  Nexus  
  20  1:52  Probe  
  21  2:05  Probe  
  22  2:12  Stalker, Assimilator  
  24  2:16  Warp Gate  
  24  2:17  Probe  
  25  2:29  Probe  
  26  2:43  Gateway  
  26  2:45  Gateway  
  26  2:48  Probe  
  26  2:58  Stalker  
  26  3:00  Probe (Chrono Boost)  
  29  3:17  Probe  
  29  3:19  Probe  
  31  3:21  Robotics Facility  
  31  3:29  Probe  
  31  3:31  Probe  
  31  3:32  Stalker, Sentry  
  31  3:33  Stalker  
  39  3:41  Probe  
  39  3:43  Probe  
  41  3:48  Pylon  
  41  4:00  Forge  
  41  4:09  Observer (Chrono Boost)  
  42  4:13  Stalker  
  42  4:14  Stalker x2  
  42  4:17  Probe x2  
  50  4:29  Pylon, Probe  
  51  4:34  Pylon  
  51  4:44  Immortal (Chrono Boost)  
  51  4:45  Protoss Ground Weapons Level 1 (Chrono Boost)  
  51  4:47  Probe  
  51  4:48  Probe  
  58  5:00  Probe x2  
  59  5:11  Assimilator  
  59  5:12  Probe x2  
  59  5:13  Pylon  
  61  5:15  Assimilator  
  61  5:17  Shield Battery  
  61  5:19  Photon Cannon  
  61  5:20  Immortal (Chrono Boost)  
  61  5:26  Sentry  
  67  5:45  Stalker x2  
  71  5:56  Probe (Chrono Boost)  
  73  6:00  Immortal (Chrono Boost)  
  73  6:01  Probe (Chrono Boost)  
  77  6:05  Probe (Chrono Boost)  
  77  6:09  Pylon  
  78  6:13  Pylon  
  78  6:15  Pylon  
  78  6:20  Gateway  
  78  6:22  Gateway  
  78  6:27  Probe  
  78  6:28  Probe  
  80  6:39  Probe  
  77  6:42  Stalker  
  55  7:10  Pylon x2  
  55  7:25  Gateway  
  55  7:26  Gateway  
  55  7:27  Immortal (Chrono Boost)  
  55  7:29  Pylon  
  55  7:30  Pylon  
  59  7:39  Cybernetics Core  
  59  7:47  Protoss Ground Armor Level 1 (Chrono Boost)  
  59  7:56  Immortal  
  59  7:58  Nexus  
  63  8:16  Twilight Council  
  63  8:17  Stalker x2  
  63  8:18  Stalker x3  
  73  8:27  Probe x2  
  73  8:32  Pylon  
  73  8:33  Zealot x2  
  79  8:39  Probe  
  79  8:40  Probe  
  81  8:43  Robotics Bay  
  81  8:44  Photon Cannon  
  81  8:46  Photon Cannon  
  81  8:47  Immortal (Chrono Boost)  
  81  8:53  Stalker  
  81  8:54  Stalker x3  
  81  8:55  Sentry  
  95  8:56  Sentry  
  97  9:12  Probe (Chrono Boost)  
  100  9:17  Probe x2 (Chrono Boost)  
  100  9:19  Charge (Chrono Boost), Robotics Facility  
  100  9:22  Probe (Chrono Boost)  
  103  9:26  Probe x2 (Chrono Boost)  
  103  9:27  Probe (Chrono Boost)  
  103  9:30  Sentry  
  103  9:31  Sentry  
  108  9:32  Zealot  
  108  9:33  Zealot  
  112  9:41  Extended Thermal Lance (Chrono Boost)  
  118  9:47  Probe x3  
  118  9:48  Colossus (Chrono Boost)  
  121  9:59  Probe x3  
  124  10:01  Assimilator  
  124  10:06  Assimilator  
  124  10:09  Pylon  
  124  10:11  Colossus (Chrono Boost), Probe  
  125  10:14  Protoss Ground Weapons Level 2 (Chrono Boost)  
  125  10:21  Probe x2  
  133  10:30  Stalker x4  
  147  10:43  Colossus (Chrono Boost)  
  147  10:48  Gateway  
  147  10:50  Gateway  
  147  11:04  Pylon  
  147  11:08  Pylon  
  147  11:25  Nexus  
  147  11:28  Assimilator  
  147  11:30  Templar Archives  
  153  11:33  Assimilator  
  153  11:35  Zealot x2  
  153  11:36  Pylon, Zealot x3  
  153  11:37  Colossus (Chrono Boost)  
  163  11:40  Pylon  
  163  11:43  Pylon  
  163  11:58  Zealot  
  163  11:59  Zealot x6  
  163  12:00  Zealot x2  
  72  13:02  Stalker x3  
  72  13:03  Stalker x5  
  72  13:04  Stalker  
  82  13:06  Colossus (Chrono Boost)  
  82  13:07  Psionic Storm  
  82  13:10  Observer (Chrono Boost)  
  89  13:29  Gateway  
  89  13:32  Gateway  
  89  13:33  Colossus (Chrono Boost), Photon Cannon  
  89  13:36  Photon Cannon  
  89  13:41  High Templar x6  
  101  13:42  High Templar x3  
  101  13:45  Archon x3  
  113  13:50  Probe x3  
  113  13:51  Probe  
  117  13:57  Forge  
  117  13:58  Colossus (Chrono Boost)  
  123  14:21  Stalker x5  
  125  14:49  Stalker x4  
  125  14:50  Stalker x4  
  118  15:07  Nexus  
  118  15:17  High Templar x5  
  128  15:21  Zealot x2  
  128  15:22  Zealot  
  102  15:46  Archon x2  
Show
View Real Time Build Order
Export as new Build Order

Will Terran 

Build Orders: Reaper Expand 

Get SALT Encoding   

  12  0:01  SCV  
  13  0:14  SCV  
  14  0:25  Supply Depot  
  14  0:26  SCV  
  15  0:40  Refinery  
  15  0:47  SCV  
  15  0:48  Barracks  
  16  0:59  SCV  
  17  1:12  SCV  
  18  1:25  SCV  
  19  1:45  Reaper  
  20  1:52  Orbital Command  
  20  1:56  Command Center  
  20  2:06  Factory  
  20  2:15  Supply Depot  
  20  2:20  Barracks Tech Lab  
  20  2:21  SCV  
  21  2:25  Refinery  
  21  2:33  SCV  
  23  2:45  SCV  
  23  2:59  SCV  
  23  3:01  Mag-Field Accelerator  
  24  3:13  SCV  
  25  3:20  Cyclone  
  28  3:36  SCV  
  28  3:38  Factory  
  28  3:40  Orbital Command, Barracks Tech Lab  
  29  3:44  Refinery  
  29  3:48  Refinery  
  29  3:49  SCV  
  29  3:54  Cyclone  
  33  3:55  Engineering Bay  
  33  4:01  SCV  
  34  4:09  SCV  
  35  4:13  SCV  
  36  4:21  SCV  
  37  4:27  Cyclone  
  37  4:30  Cyclone  
  43  4:35  SCV  
  44  4:44  SCV  
  44  4:45  Armory  
  45  4:47  SCV  
  46  5:02  Supply Depot  
  46  5:11  Factory  
  46  5:19  Missile Turret  
  46  5:21  Missile Turret  
  46  5:24  SCV x2, Cyclone, Hellion  
  53  5:29  Armory  
  53  5:36  SCV  
  53  5:37  Infernal Pre-Igniter  
  54  5:44  Supply Depot  
  54  6:04  Factory Tech Lab  
  54  6:05  Cyclone  
  54  6:06  SCV, Hellion  
  54  6:09  Factory  
  60  6:51  Cyclone  
  61  6:58  SCV  
  62  7:06  Cyclone  
  62  7:07  Cyclone  
  62  7:13  Terran Vehicle And Ship Armor Level 1  
  62  7:15  Command Center  
  62  7:23  Supply Depot  
  62  7:32  Terran Vehicle Weapons Level 1  
  62  7:33  Factory  
  62  7:35  Factory  
  62  7:44  SCV x2, Cyclone x2  
  70  8:06  Supply Depot  
  70  8:07  Supply Depot x2  
  70  8:16  Starport x2  
  70  8:21  Factory Reactor x2  
  70  8:26  Factory Tech Lab, SCV x2, Cyclone  
  79  8:27  Hellion x2  
  79  8:32  Supply Depot  
  79  8:33  Supply Depot  
  79  8:39  SCV x2  
  81  8:44  Smart Servos  
  81  8:48  Cyclone, Hellion  
  86  8:51  SCV x2  
  88  8:59  Cyclone  
  91  9:09  Hellion  
  93  9:10  SCV  
  93  9:11  SCV  
  93  9:12  Hellion  
  93  9:13  Hellion x2  
  93  9:15  Planetary Fortress  
  101  9:20  Starport Tech Lab x2, Hellion  
  103  9:26  Fusion Core  
  103  9:28  SCV x2  
  103  9:30  Terran Ship Weapons Level 1  
  105  9:31  Terran Vehicle And Ship Armor Level 2  
  105  9:40  SCV x2  
  107  9:50  Refinery  
  107  9:52  SCV, Refinery  
  103  10:01  Hellion x2  
  103  10:02  Hellion x2  
  103  10:03  SCV x2  
  103  10:04  SCV  
  114  10:30  SCV x2  
  116  10:38  Battlecruiser  
  122  10:43  Hellion  
  124  10:59  Supply Depot  
  124  11:01  Supply Depot  
  124  11:04  Supply Depot, Command Center  
  124  11:12  Drilling Claws  
  124  11:20  Missile Turret  
  124  11:21  Widow Mine x3, Hellion  
  124  11:23  Battlecruiser, Hellion  
  140  11:26  Widow Mine x2, Hellion  
  140  11:30  Supply Depot x2  
  140  11:32  Supply Depot  
  146  11:39  Terran Ship Weapons Level 2  
  146  11:41  Sensor Tower  
  146  11:42  Weapon Refit  
  146  11:48  Widow Mine  
  146  11:52  Battlecruiser  
  154  12:00  Widow Mine x3  
  154  12:27  Battlecruiser  
  111  12:42  Cyclone  
  111  12:43  Cyclone, Hellion x2  
  96  12:53  Cyclone x2, Widow Mine  
  96  12:56  Viking  
  106  12:59  SCV  
  109  13:06  Hellion  
  109  13:12  Hellion x2  
  113  13:14  Thor  
  113  13:15  Cyclone  
  122  13:25  Cyclone, Viking  
  127  13:31  Viking  
  129  13:44  SCV  
  129  13:45  SCV x2  
  129  13:47  Starport  
  129  13:48  Planetary Fortress  
  132  13:49  Refinery  
  132  13:50  Missile Turret  
  132  13:51  Starport  
  132  13:54  Refinery, Sensor Tower  
  132  13:57  SCV x2  
  134  14:26  Thor x2  
  134  14:28  Hellion x4  
  134  14:29  Hellion x2  
  134  14:30  Command Center  
  158  14:49  Hellion x2  
  151  15:04  Hellion x3  
  151  15:05  SCV x2, Hellion  
  151  15:06  SCV x2  
  158  15:09  Hellion  
  160  15:14  Starport Tech Lab x2  
Show
View Real Time Build Order
Export as new Build Order

Kraki Zerg 

Build Orders: Hatch First, Lurkers, Roach Hydra 

Get SALT Encoding   

  12  0:01  Drone  
  13  0:15  Overlord  
  13  0:19  Drone  
  14  0:34  Drone x2  
  16  0:38  Drone  
  17  0:58  Drone  
  17  0:59  Hatchery  
  17  1:13  Spawning Pool  
  17  1:14  Drone  
  17  1:19  Drone  
  17  1:23  Drone, Extractor  
  18  1:34  Drone  
  19  1:45  Overlord  
  19  1:52  Drone  
  20  2:01  Queen  
  20  2:02  Overlord  
  22  2:14  Zergling x4  
  24  2:25  Zergling x4  
  26  2:30  Queen  
  28  2:43  Drone x3  
  31  2:46  Metabolic Boost  
  31  2:49  Drone  
  32  2:54  Drone  
  33  3:00  Drone  
  34  3:05  Drone  
  34  3:09  Drone  
  36  3:16  Lair  
  36  3:19  Drone x2  
  40  3:20  Drone x2  
  40  3:31  Drone x2  
  42  3:35  Roach Warren  
  42  3:36  Extractor, Evolution Chamber  
  42  3:38  Drone, Extractor  
  39  3:45  Drone x4  
  43  3:52  Drone  
  43  3:54  Spore Crawler, Drone  
  44  3:58  Spore Crawler  
  43  4:03  Drone, Zerg Missile Weapons Level 1  
  43  4:05  Overlord  
  44  4:10  Overlord  
  44  4:20  Glial Reconstitution  
  44  4:23  Overlord  
  44  4:25  Drone x3  
  47  4:41  Drone x2  
  49  4:47  Roach x6  
  61  4:54  Roach  
  61  4:55  Roach x2  
  61  4:58  Overlord  
  67  5:06  Hydralisk Den  
  66  5:07  Extractor  
  66  5:09  Drone x2  
  67  5:14  Overlord x2  
  67  5:20  Roach x2  
  71  5:26  Roach x2  
  75  5:34  Roach x3  
  81  5:42  Drone x2  
  83  5:43  Drone, Lurker Den  
  83  5:56  Roach x4  
  91  5:58  Overlord  
  91  6:08  Hatchery  
  90  6:26  Roach x5  
  90  6:28  Overlord  
  100  6:38  Roach  
  100  6:39  Roach  
  96  6:47  Zergling x2  
  83  6:50  Drone  
  76  7:01  Drone x2  
  66  7:02  Zerg Missile Weapons Level 2  
  66  7:06  Grooved Spines  
  66  7:07  Hydralisk  
  66  7:19  Hydralisk  
  66  7:20  Hydralisk x2  
  72  7:28  Drone x2, Queen  
  76  7:30  Hydralisk  
  78  7:37  Drone x5  
  78  7:42  Drone  
  78  7:43  Spore Crawler  
  84  7:51  Drone  
  84  7:55  Hydralisk x3  
  90  7:59  Drone  
  91  8:07  Hatchery  
  90  8:14  Drone x8  
  90  8:15  Spire  
  90  8:17  Extractor  
  90  8:18  Muscular Augments, Extractor  
  95  8:31  Drone x4  
  99  8:38  Lurker x2  
  99  8:39  Lurker x2  
  99  8:40  Drone x3  
  99  8:41  Overlord x5  
  106  8:44  Overseer  
  106  9:00  Drone x2  
  106  9:01  Drone x5  
  113  9:08  Hydralisk  
  113  9:09  Hydralisk x3  
  117  9:10  Hydralisk  
  117  9:11  Extractor  
  117  9:12  Extractor  
  121  9:22  Zerg Ground Armor Level 1  
  121  9:26  Queen  
  121  9:27  Infestation Pit  
  121  9:29  Drone x3  
  121  9:30  Drone x5  
  130  9:35  Zerg Flyer Weapons Level 1  
  130  9:49  Drone x10  
  130  9:52  Spore Crawler  
  139  9:55  Spore Crawler x2, Drone x4  
  141  10:13  Hydralisk  
  143  10:14  Overlord x3  
  143  10:15  Overlord x4  
  143  10:19  Hive  
  143  10:29  Lurker  
  143  10:34  Hatchery  
  143  10:43  Spore Crawler, Extractor  
  143  10:45  Spine Crawler, Extractor  
  143  10:46  Spore Crawler  
  143  10:48  Spore Crawler  
  143  10:49  Spore Crawler  
  136  10:56  Evolution Chamber  
  135  10:57  Evolution Chamber  
  135  11:00  Lurker  
  135  11:01  Lurker x6  
  135  11:02  Lurker x2  
  143  11:20  Hydralisk x9  
  143  11:21  Hydralisk x9  
  179  11:34  Adaptive Talons, Zerg Flyer Weapons Level 2  
  179  11:48  Corruptor x4  
  187  11:56  Zerg Missile Weapons Level 3  
  187  12:13  Seismic Spines  
  183  12:40  Roach x13  
  172  12:55  Drone x11  
  159  13:00  Zerg Ground Armor Level 2, Zerg Melee Weapons Level 1  
  159  13:03  Roach  
  159  13:04  Roach x5  
  171  13:09  Drone x3  
  171  13:10  Drone x2  
  171  13:11  Drone  
  177  13:15  Hydralisk x6  
  189  13:28  Overlord  
  189  13:29  Overlord x5  
  189  13:39  Roach x3  
  189  13:45  Overlord  
  189  13:46  Overlord x5  
  189  13:53  Corruptor x3  
  189  14:03  Hydralisk x3  
  189  14:04  Hydralisk x2  
  199  14:23  Hydralisk  
  199  14:24  Hydralisk x3  
  189  14:47  Hydralisk  
  189  14:51  Hydralisk  
  189  14:52  Hydralisk x6  
  190  15:09  Ultralisk Cavern  
  189  15:25  Hydralisk x5  
  189  15:27  Overlord  
Tags
 
Add a new tag
Caveats
  • Supply blocks, unpowered buildings, or Contaminate may cause inaccurate times.
  • Supply counts are checked every 10 seconds.